 Dungeon Crawl Stone Soup version 0.24-a0-235-g3f03afcf10 (webtiles) character file.

Game seed: 13954618924456290353

1891 CedricTheThird the Cleaver (level 8, -1/58 HPs)
             Began as a Demonspawn Fighter on Apr 8, 2019.
             Was an Initiate of Uskayaw.
             Slain by Prince Ribbit (14 damage)
             ... on level 7 of the Dungeon.
             The game lasted 00:15:16 (7421 turns).

CedricTheThird the Cleaver (Demonspawn Fighter)     Turns: 7421, Time: 00:15:17

Health: -1/58      AC: 13    Str: 19    XL:     8   Next: 93%
Magic:  10/13      EV:  4    Int: 10    God:    Uskayaw [......]
Gold:   226        SH: 10    Dex: 12    Spells: 7/7 levels left

rFire    + + .     SeeInvis .   a - +3 war axe
rCold    + . .     Gourm    .   c - +1 shield
rNeg     . . .     Faith    .   g - +0 chain mail
rPois    .         Spirit   .   k - +0 helmet
rElec    .         Reflect  .   d - scarf {rC+ rF+}
rCorr    .         Harm     .   n - +1 pair of gloves
MR       .....                  e - +0 pair of boots
Stlth    ..........             (no amulet)
HPRegen  0.19/turn              (no ring)
MPRegen  0.13/turn              (no ring)

@: no status effects
A: claws 1, hooves 2, fire resistance 1
a: Renounce Religion


You were on level 7 of the Dungeon.
You worshipped Uskayaw.
Uskayaw was noncommittal.
You were not hungry.

You visited 2 branches of the dungeon, and saw 8 of its levels.

You collected 288 gold pieces.
You spent 62 gold pieces at shops.

Inventory:

Hand Weapons
 a - a +3 war axe (weapon)
Armour
 c - a +1 shield (worn)
 d - a scarf of resistance (worn)
 e - a +0 pair of boots (worn)
 g - a +0 chain mail (worn)
 k - a +0 helmet (worn)
 n - a +1 pair of gloves (worn)
Jewellery
 h - a cursed ring of attention {unknown}
Scrolls
 i - 5 scrolls of identify
 j - a scroll of blinking
 l - a scroll of teleportation
 m - 2 scrolls of remove curse
Potions
 p - a potion of haste
Comestibles
 f - 16 rations


   Skills:
 - Level 3.0 Fighting
 * Level 9.6 Axes
 - Level 2.6 Armour
 - Level 2.6 Shields
 + Level 6.9 Invocations


You had 7 spell levels left.
You didn't know any spells.
Your spell library was empty.

Dungeon Overview and Level Annotations

Branches:
Dungeon (7/15)             Temple (1/1) D:4

Altars:
Ashenzari
Cheibriados
Dithmenos
Elyvilon
Fedhas
Gozag
Hepliaklqana
Kikubaaqudgha
Makhleb
Nemelex Xobeh
Okawaru
Qazlal
Ru
Sif Muna
Trog
Uskayaw
Vehumet
Wu Jian
Xom
Yredelemnul
Zin
The Shining One

Shops:
D:4 :   D:5 }**([   D:6 *((}

Annotations:
D:7 Prince Ribbit


Innate Abilities, Weirdness & Mutations

You have sharp fingernails.
You have hoof-like feet.
Your flesh is heat resistant. (rF+)


Message History

Prince Ribbit hops awkwardly around.
You block Prince Ribbit's attack.
You closely miss Prince Ribbit.
Prince Ribbit is moderately wounded.
Prince Ribbit hits you!
You are too injured to fight recklessly!
You miss Prince Ribbit.
Prince Ribbit is moderately wounded.
Prince Ribbit hits you!
* * * LOW HITPOINT WARNING * * *
You block Prince Ribbit's attack.
You stomp with the beat, sending a shockwave through the revelers around you!
Prince Ribbit is heavily wounded.
You feel somewhat more hungry.
You can no longer stomp with the beat.
You block Prince Ribbit's attack. Prince Ribbit hits you!
* * * LOW HITPOINT WARNING * * *
Prince Ribbit hits you but does no damage.
You feel better. Prince Ribbit hits you!
You die...

######...# ### #.# #.# #.
##.## #.# #.# #. #.# #.# .#
#. #.# #.# .# ## #.#
#############.# #.#
#.............# #######.#
#.#############
...†))).###.###############
#######.........@F.........
#.....###############
#######


You could see Prince Ribbit.

Vanquished Creatures
  Eustachio (D:5)
  A sky beast (D:6)
  An ogre (D:5)
  2 ice beasts
  2 phantoms (D:4)
  A centaur (D:4)
  4 bullfrogs
  2 scorpions
  A howler monkey (D:7)
  A crimson imp (D:7)
  A centaur zombie (D:7)
  4 hounds
  An orc priest (D:4)
  A jelly (D:5)
  An orc wizard (D:7)
  A centaur skeleton (D:5)
  An iguana (D:5)
  8 worker ants
  A hound skeleton (D:4)
  2 gnolls
  10 adders
  A shadow imp (D:6)
  An ooze (D:2)
  An adder skeleton (D:4)
  3 worms
  2 dart slugs
  3 leopard geckos
  8 orcs
  5 giant cockroaches
  6 goblins
  6 hobgoblins
  9 jackals
  6 kobolds
  4 quokkas
  A ball python (D:1)
  10 bats
  3 frilled lizards
  2 jackal skeletons
  A jackal zombie (D:6)
  9 rats
128 creatures vanquished.

Notes
Turn   | Place    | Note
-------+----------+-------------------------------------------
     0 | D:1      | CedricTheThird the Demonspawn Fighter began the quest for
                  | the Orb.
     0 | D:1      | Reached XP level 1. HP: 18/18 MP: 1/1
    35 | D:1      | Reached skill level 2 in Axes
   133 | D:1      | Gained mutation: Your flesh is heat resistant. (rF+)
                  | [demonic ancestry]
   133 | D:1      | Reached XP level 2. HP: 17/24 MP: 2/2
   189 | D:1      | Reached skill level 3 in Axes
   222 | D:1      | Reached XP level 3. HP: 24/29 MP: 3/3
  1233 | D:2      | Noticed a bullfrog
  1236 | D:2      | Killed a bullfrog
  1236 | D:2      | Reached skill level 4 in Axes
  1236 | D:2      | Gained mutation: You have sharp fingernails. [demonic
                  | ancestry]
  1236 | D:2      | Reached XP level 4. HP: 28/35 MP: 4/4
  1296 | D:2      | Reached XP level 5. HP: 21/41 MP: 5/5
  1649 | D:2      | Reached skill level 5 in Axes
  2560 | D:3      | Found a deep blue altar of Sif Muna.
  2563 | D:3      | Found a hide-covered altar of Uskayaw.
  2567 | D:3      | Found a snail-covered altar of Cheibriados.
  2569 | D:3      | Found a hazy altar of Hepliaklqana.
  2572 | D:3      | Became a worshipper of Uskayaw the Reveler
  2575 | D:3      | Found an ornate altar of the Wu Jian Council.
  2575 | D:3      | Found an ancient bone altar of Kikubaaqudgha.
  2575 | D:3      | Found a basalt altar of Yredelemnul.
  2575 | D:3      | Found a shattered altar of Ashenzari.
  2576 | D:3      | Found an opulent altar of Gozag.
  2577 | D:3      | Found an iron altar of Okawaru.
  2578 | D:3      | Found a burning altar of Makhleb.
  2579 | D:3      | Found a shadowy altar of Dithmenos.
  2580 | D:3      | Found a glowing golden altar of the Shining One.
  2772 | D:4      | Noticed a centaur
  2776 | D:4      | Reached * piety under Uskayaw
  2777 | D:4      | Killed a centaur
  2777 | D:4      | Gained mutation: You have large cloven feet. [demonic
                  | ancestry]
  2777 | D:4      | Reached XP level 6. HP: 43/47 MP: 6/6
  2777 | D:4      | Reached ** piety under Uskayaw
  2842 | D:4      | Reached skill level 6 in Axes
  3222 | D:4      | Reached skill level 1 in Invocations
  3247 | D:4      | Found a staircase to the Ecumenical Temple.
  3267 | Temple   | Entered the Ecumenical Temple
  3576 | D:4      | Reached XP level 7. HP: 21/52 MP: 6/8
  3784 | D:4      | Found Joamaq's Book Shoppe.
  3800 | D:4      | Reached skill level 7 in Axes
  4145 | D:4      | Found a glowing golden altar of the Shining One.
  4843 | D:5      | Entered Level 5 of the Dungeon
  4843 | D:5      | Found Karudaics's Antique Armour Shop.
  4863 | D:5      | Reached *** piety under Uskayaw
  5135 | D:5      | Found Weujesch's Antique Weapon Shoppe.
  5137 | D:5      | Found Soduc's Assorted Antiques.
  5203 | D:5      | Noticed Eustachio
  5462 | D:6      | Found Kamiaklit's Gadget Shop.
  5493 | D:6      | Reached skill level 8 in Axes
  5504 | D:6      | Gained mutation: You have hoof-like feet. [demonic
                  | ancestry]
  5504 | D:6      | Reached XP level 8. HP: 25/58 MP: 11/11
  5920 | D:6      | Reached skill level 5 in Invocations
  6108 | D:6      | Found Lyvuh's Antique Weapon Shop.
  6123 | D:6      | Found Sefun's Weapon Boutique.
  6167 | D:6      | Found Ceuwysiw's Assorted Antiques.
  6533 | D:5      | Reached skill level 9 in Axes
  6645 | D:5      | Killed Eustachio
  6693 | D:5      | Found Modghu's Gadget Shoppe.
  6700 | D:5      | Found Kopra's General Store.
  6718 | D:5      | Bought an orange potion for 18 gold pieces
  6718 | D:5      | Bought a scroll labeled HIDILI ORIULL for 21 gold pieces
  6817 | D:6      | Bought a scroll labeled NERRUCKOCO for 23 gold pieces
  6885 | D:7      | Noticed Prince Ribbit
  7418 | D:7      | HP: 1/58 [Prince Ribbit (10)]
  7421 | D:7      | Slain by Prince Ribbit

Levels and vault maps discovered:
D:1:      dpeg_arrival_pits, layout_loops_cross
D:2:      layout_basic, first_ration, kennysheep_generic_room_12
D:3:      layout_loops_ring, minitemple
D:4:      layout_basic, minmay_temple_entry_mini_moons, serial_shops,
          shop_statue, nicolae_tso_swordbearing_angel
D:5:      layout_rooms, serial_shops, nicolae_shop_stone, shop, shop, shop,
          nicolae_shop_behind_doors, uniq_eustachio
D:6:      layout_cave_pools, serial_shops, nicolae_shop_crystal, shop,
          nicolae_shop_overgrown_old_shop, nicolae_shop_crystal
D:7:      layout_loops_ring, uniq_prince_ribbit1, uniq_pikel
Temple:   compressed_dpeg_triangle_lava_temple

Skill      XL: |  1  2  3  4  5  6  7  8 |
---------------+-------------------------+-----
Axes           | 2 3 4 5 6 8 9 |  9.6
Invocations    | 2 4 6 |  6.9
Fighting       | |  3.0
Armour         | |  2.6
Shields        | |  2.6

Action                   |  1- 3 |  4- 6 |  7- 9 || total
-------------------------+-------+-------+-------++-------
Melee: War axe           |   131 |   188 |   291 ||   610
       Kick              |       |    16 |    36 ||    52
Invok: Stomp             |       |       |     4 ||     4
       Line Pass         |       |       |     3 ||     3
  Use: Potion            |       |       |    12 ||    12
       Scroll            |       |       |    11 ||    11
 Stab: Paralysed         |       |       |     3 ||     3
  Eat: Chunk             |     1 |     7 |    10 ||    18
       Ration            |       |       |     2 ||     2
Armor: Scale mail        |   101 |    75 |    29 ||   205
       Chain mail        |       |       |   127 ||   127
Dodge: Dodged            |    52 |    49 |    67 ||   168
Block: Shield            |    80 |    90 |   158 ||   328

Table legend:
 A = Non-vault XP
 B = Vault XP
 C = Vault XP percentage of total XP
 D = Non-vault monster count
 E = Vault monster count
 F = Vault count percentage of total count
                 A         B        C        D         E       F
            +---------+---------+-------+---------+---------+-------
      Total |    2487 |     215 |   8.0 |     126 |       2 |   1.6
            +---------+---------+-------+---------+---------+-------
        D:1 |      59 |       0 |   0.0 |      27 |       0 |   0.0
        D:2 |     163 |      13 |   7.4 |      17 |       1 |   5.6
        D:3 |      51 |       0 |   0.0 |      21 |       0 |   0.0
        D:4 |     707 |       0 |   0.0 |      25 |       0 |   0.0
        D:5 |     492 |     202 |  29.1 |      12 |       1 |   7.7
        D:6 |     721 |       0 |   0.0 |      13 |       0 |   0.0
        D:7 |     294 |       0 |   0.0 |      11 |       0 |   0.0
            +---------+---------+-------+---------+---------+-------
